 Dungeon Crawl Stone Soup version 0.29.1-15-g9cfb28693d (webtiles) character file.

Game seed: 13455154854557679302

133 fleeber the Shooter (level 5, 0/42 HPs)
             Began as a Barachi Hunter on Mar 16, 2023.
             Slain by a gnoll
             ... wielding a +0 halberd
              (4 damage)
             ... on level 3 of the Dungeon.
             The game lasted 00:04:57 (1811 turns).

fleeber the Shooter (Barachi Hunter)                Turns: 1811, Time: 00:04:58

Health: 0/42       AC:  5    Str: 12    XL:     5   Next: 16%
Magic:  5/5        EV: 15    Int: 10    God:
Gold:   128        SH:  0    Dex: 17    Spells: 4/4 levels left

rFire   . . .      SeeInvis .   a - +0 shortbow
rCold   . . .      Faith    .   (shield currently unavailable)
rNeg    . . .      Spirit   .   j - +0 ring mail
rPois   .          Reflect  .   (no helmet)
rElec   .          Harm     .   (no cloak)
rCorr   .          Rampage  .   (no gloves)
Will    +....                   (no boots)
Stlth   +.........              (no amulet)
HPRegen 0.14/turn               h - +4 ring of evasion
MPRegen 0.09/turn               k - ring of willpower

@: unable to hop, attractive, slow
A: amphibious, slowness 1, strong legs 1, +LOS
a: Hop


You were on level 3 of the Dungeon.
You visited 1 branch of the dungeon, and saw 3 of its levels.

You collected 128 gold pieces.

Inventory:

Hand Weapons
 a - a +0 shortbow (weapon)
Armour
 j - a +0 ring mail (worn)
Jewellery
 h - a +4 ring of evasion (left hand)
 k - a ring of willpower (right hand)
Wands
 l - a wand of polymorph (12)
Scrolls
 b - 2 scrolls of immolation
 c - a scroll of enchant armour {unknown}
 e - a scroll of vulnerability {unknown}
 i - 2 scrolls of amnesia {unknown}
 n - a scroll of blinking {unknown}
 o - a scroll of magic mapping {unknown}
 r - a scroll of enchant weapon {unknown}
Potions
 d - a potion of flight {unknown}
 g - a potion of attraction
 m - a potion of brilliance {unknown}
 p - a potion of degeneration {unknown}
 q - a potion of ambrosia {unknown}


   Skills:
 + Level 3.7 Fighting
 * Level 5.2 Ranged Weapons
 + Level 3.3 Dodging
 - Level 0.8 Stealth


You had 4 spell levels left.
You didn't know any spells.
Your spell library was empty.

Dungeon Overview and Level Annotations

Branches:
Dungeon (3/15)

Altars:


Innate Abilities, Weirdness & Mutations

You are amphibious.
You cover ground slowly.
You can hop short distances.
You have an extended range of vision and can be seen from far away.


Message History

You feel better. The gnoll misses you. The gnoll barely misses you.
Okay, then.
Aiming: Polymorph
Press: ? - help, Shift-Dir - straight line, f/p - gnoll
Aim: a gnoll, wielding a +0 halberd (heavily wounded, will become a jackal, a hobgoblin, or a giant cockroach, chance to affect: 57%)
The gnoll evaporates and reforms as a dart slug!
The gnoll closely misses you.
Fire: a) +0 shortbow
Press: ? - help, Q - select action, (/) - cycle Shift-Dir - straight line, f/p - gnoll
Aim: a gnoll, wielding a +0 halberd (heavily wounded, 66% to hit)
You shoot an arrow.
The arrow hits the dart slug but does no damage.
The dart slug is moderately wounded.
The gnoll hits you from afar with a +0 halberd.
* * * LOW HITPOINT WARNING * * *
The dart slug launches a dart at you. The slug dart misses you.
Fire: a) +0 shortbow
Press: ? - help, Q - select action, (/) - cycle Shift-Dir - straight line, f/p - gnoll
Aim: a gnoll, wielding a +0 halberd (heavily wounded, 66% to hit)
You shoot an arrow. The arrow hits the dart slug.
The dart slug is almost dead.
The gnoll misses you. The dart slug closely misses you.
Fire: a) +0 shortbow
Press: ? - help, Q - select action, (/) - cycle Shift-Dir - straight line, f/p - gnoll
Aim: a gnoll, wielding a +0 halberd (heavily wounded, 66% to hit)
You shoot an arrow.
The arrow hits the dart slug but does no damage.
The dart slug is almost dead.
The gnoll misses you. The dart slug closely misses you.
The gnoll hits you from afar with a +0 halberd.
* * * LOW HITPOINT WARNING * * *
Fire: a) +0 shortbow
Press: ? - help, Q - select action, (/) - cycle Shift-Dir - straight line, f/p - gnoll
Aim: a gnoll, wielding a +0 halberd (heavily wounded, 66% to hit)
You shoot an arrow. The arrow hits the dart slug!
You kill the dart slug!
The gnoll returns to its original shape as it dies.
The gnoll hits you from afar with a +0 halberd.
You die...

≈.≈.≈.≈.§.§..##
...§.⌠§≈...≈..##
≈.≈§§.≈.≈.≈.§..#
.≈.§§≈...≈...≈.###
≈.≈§§.≈.≈.≈.≈..'.#
[⌠.≈.⌠.≈.⌠.≈...'.#
≈.≈.≈.≈.≈.≈.≈..'.#
.≈...≈...§...≈.#.#
≈.§§≈.≈.≈.≈.≈..#@#
..§§.⌠.≈...≈..##)#
§§§§≈.≈.≈.≈..##gg#
.≈.§§≈...≈..##.)##
§§≈.§.≈§≈..##.)##
#..≈...≈..###.##
##....§§§## #.
######## #. #.


You could see a gnoll and a goblin.

Vanquished Creatures
  Terence (D:2)
  4 gnolls
  An adder (D:2)
  2 dart slugs
  4 endoplasms
  2 giant cockroaches (D:1)
  2 goblins (D:1)
  3 hobgoblins (D:1)
  11 jackals
  2 quokkas
  7 ball pythons
  4 bats
  3 frilled lizards
  6 kobolds
  3 rats
55 creatures vanquished.

Notes
Turn   | Place    | Note
-------+----------+-------------------------------------------
     0 | D:1      | fleeber the Barachi Hunter began the quest for the Orb.
     0 | D:1      | Reached XP level 1. HP: 17/17 MP: 1/1
   141 | D:1      | Reached XP level 2. HP: 23/23 MP: 2/2
   408 | D:1      | Reached XP level 3. HP: 28/28 MP: 3/3
   423 | D:1      | Found a faded altar of an unknown god.
   750 | D:2      | Reached XP level 4. HP: 28/35 MP: 4/4
  1074 | D:2      | Noticed Terence
  1081 | D:2      | Killed Terence
  1082 | D:2      | Reached skill level 5 in Ranged Weapons
  1244 | D:2      | Reached XP level 5. HP: 41/41 MP: 5/5
  1803 | D:3      | HP: 1/42 [gnoll/+0 halberd (9)]
  1811 | D:3      | Slain by a gnoll

Illustrated notes

Levels and vault maps discovered:
D:1:      lightli_arrival_flooded_house, layout_loops_ring,
          ebering_ecumenical_altar_sacrificial, chequers_serial_rivers_micro_a
D:2:      wad_pebble_path, layout_basic, uniq_terence
D:3:      layout_basic, amcnicky_altar_gilded, mrwooster_statue_mirror,
          kennysheep_cluttered_room, columned_hall_lemuel

Skill      XL: |  1  2  3  4 |
---------------+-------------+-----
Fighting       | 3 |  3.7
Dodging        | 3 |  3.3
Ranged Weapons | 5 |  5.2
Stealth        | |  0.8

Action                   |  1- 3 |  4- 6 || total
-------------------------+-------+-------++-------
 Fire: Shortbow          |    84 |    61 ||   145
 Abil: Hop               |       |     1 ||     1
Evoke: Wand              |       |     1 ||     1
  Use: Potion            |       |     3 ||     3
Armor: Leather armour    |     2 |       ||     2
       Ring mail         |     7 |     5 ||    12
Dodge: Dodged            |    37 |    36 ||    73
